 Dungeon Crawl Stone Soup version 0.30-a0-793-g160f7cfddd (webtiles) character file.

Game seed: 17912094101541142828

147 Smoke131 the Firebug (level 5, -1/41 HPs)
             Began as a Draconian Fire Elementalist on Feb 19, 2023.
             Slain by Ijyb
             ... wielding a +0 dagger
              (4 damage)
             ... on level 3 of the Dungeon.
             The game lasted 00:07:55 (2888 turns).

Smoke131 the Firebug (Draconian Fire Elementalist)  Turns: 2888, Time: 00:07:55

Health: -1/41      AC: 10    Str: 10    XL:     5   Next: 8%
Magic:  3/9        EV: 12    Int: 17    God:
Gold:   100        SH:  0    Dex: 12    Spells: 3/9 levels left

rFire   + + .      SeeInvis .    n - +6 spear of the Inferno {protect, rF++ rC+ rN+}
rCold   + . .      Faith    .    (no shield)
rNeg    + . .      Spirit   .    (body armour unavailable)
rPois   .          Reflect  .    (helmet restricted)
rElec   .          Harm     .    g - +0 cloak
rCorr   .          Rampage  .    (no gloves)
Will    .....                    (no boots)
Stlth   ++                       (no amulet)
HPRegen 0.26/turn                l - ring of flight
MPRegen 0.11/turn                b - +4 ring of protection

@: flying
A: AC +5, unfitting armour, cold-blooded
a: no special abilities


You were on level 3 of the Dungeon.
You visited 1 branch of the dungeon, and saw 3 of its levels.

You collected 100 gold pieces.

Inventory:

Hand Weapons
 n - the +6 spear of the Inferno (weapon) {protect, rF++ rC+ rN+}
   (You found it on level 2 of the Dungeon)

   rF:        It greatly protects you from fire.
   rC:        It protects you from cold.
   rN:        It protects you from negative energy.
Armour
 g - a +0 cloak (worn)
 m - a +0 buckler
Jewellery
 b - a +4 ring of protection (right hand)
 e - a +4 ring of slaying
 l - a ring of flight (left hand)
Scrolls
 c - a scroll of noise {unknown}
 d - a scroll of identify {unknown}
 f - a scroll of vulnerability {unknown}
Potions
 h - 2 potions of berserk rage {unknown}
 i - a potion of attraction {unknown}
 j - a potion of haste {unknown}
 k - a potion of flight {unknown}


   Skills:
 + Level 1.8 Fighting
 + Level 2.4 Dodging
 - Level 1.7 Stealth
 + Level 0.6 Shields
 + Level 2.7 Spellcasting
 + Level 2.1 Conjurations
 + Level 0.5 Translocations
 + Level 3.5 Fire Magic
 + Level 0.9 Air Magic


You had 3 spell levels left.
You knew the following spells:

 Your Spells              Type           Power      Damage    Failure   Level
a - Foxfire               Conj/Fire      48%        2x1d6     5%          1
b - Scorch                Fire           28%        2d6       6%          2
c - Kindle Blastsparks    Fire/Tloc/Air  16%        2d11      26%         3

Your spell library contained the following spells:

 Spells                   Type           Power      Damage    Failure   Level
 Inner Flame              Hex/Fire       8%         N/A       26%         3
 Summon Guardian Golem    Hex/Summ       2%         N/A       47%         3
 Flame Wave               Conj/Fire      12%        2d6       50%         4
 Orb of Destruction       Conj           4%         9d5       100%        7
 Spellforged Servitor     Conj/Summ      3%         N/A       100%        7


Dungeon Overview and Level Annotations

Branches:
Dungeon (3/15)

Altars:

Shops:
D:2 :

Annotations:
D:3 Ijyb


Innate Abilities, Weirdness & Mutations

Your plain brown scales are hard. (AC +5)
You cannot fit into any form of body armour.
You are cold-blooded and may be slowed by cold attacks.


Message History

Beogh smites you!
An orc comes into view. It is wielding a +0 flail.
Casting: Scorch (safe; 6% risk of failure)
Confirm with . or Enter, or press ? or * to list all spells.
Flames lash Ijyb.
Ijyb is moderately wounded.
Ijyb's fire resistance burns away.
Ijyb barely misses you.
Casting: Scorch (safe; 6% risk of failure)
Confirm with . or Enter, or press ? or * to list all spells.
Flames lash the orc priest.
The orc priest is lightly wounded.
The orc priest's fire resistance burns away.
Ijyb is no longer more vulnerable to fire.
Ijyb barely misses you.
Casting: Scorch (safe; 6% risk of failure)
Confirm with . or Enter, or press ? or * to list all spells.
You don't have enough magic to cast this spell.
Magic courses through your body.
Ijyb zaps a wand.
You resist with some effort.
The orc priest mumbles some strange prayers to Beogh against you.
Beogh smites you!
* * * LOW HITPOINT WARNING * * *
Casting: Scorch (safe; 6% risk of failure)
Confirm with . or Enter, or press ? or * to list all spells.
Flames lash Ijyb.
Ijyb is moderately wounded.
Ijyb's fire resistance burns away.
The orc priest is no longer more vulnerable to fire.
Ijyb closely misses you.
Casting: Scorch (safe; 6% risk of failure)
Confirm with . or Enter, or press ? or * to list all spells.
Flames lash the orc.
You kill the orc!
Ijyb hits you with a +0 dagger.
* * * LOW HITPOINT WARNING * * *
Casting: Scorch (safe; 6% risk of failure)
Confirm with . or Enter, or press ? or * to list all spells.
Flames lash Ijyb.
Ijyb is burned terribly!
Ijyb is heavily wounded.
Ijyb hits you with a +0 dagger.
You die...

#.# #.# #.# #.....
## #.# #.# #.#
#..o...
.#######.####.#
#.#####.S.....
..............#
#.#... .......
.#######.######
####.#.###.......
.# #.#
#.))...o..$!...$.
.# #.#
#o##.#.#####.....
.#
#.########g##.....
..# .#
#........@.####.###
. .# #####.....##
#.# .# #.###.# #.#
.# #.# #.# #.# .#
#########.# #.# #.#
.###.........# #.#
.....######### #.#
###### #.# #..


You could see Ijyb (combustible) and an orc priest.

Vanquished Creatures
  4 adders
  4 gnolls
  A worm (D:3)
  A dart slug (D:3)
  7 orcs (D:3)
  An endoplasm (D:1)
  3 giant cockroaches
  7 goblins
  7 hobgoblins
  4 kobolds
  4 quokkas
  8 ball pythons
  6 bats
  A frilled lizard (D:1)
  5 rats
63 creatures vanquished.

Vanquished Creatures (collateral kills)
  A foxfire (D:1)
1 creature vanquished.

Vanquished Creatures (others)
  77 foxfires
  2 plants (D:1)
79 creatures vanquished.

Grand Total: 143 creatures vanquished

Notes
Turn   | Place    | Note
-------+----------+-------------------------------------------
     0 | D:1      | Smoke131 the Draconian Fire Elementalist began the quest
                  | for the Orb.
     0 | D:1      | Reached XP level 1. HP: 14/14 MP: 3/3
   205 | D:1      | Reached XP level 2. HP: 22/22 MP: 0/5
   293 | D:1      | Found a faded altar of an unknown god.
   620 | D:1      | Reached skill level 1 in Fighting
   952 | D:1      | Reached XP level 3. HP: 28/28 MP: 6/6
  1281 | D:2      | Reached XP level 4. HP: 30/35 MP: 1/7
  1573 | D:2      | Found Myeraen's Book Boutique.
  1840 | D:2      | Learned a level 2 spell: Scorch
  1844 | D:2      | Learned a level 3 spell: Kindle Blastsparks
  2189 | D:2      | Identified the +6 spear of the Inferno {protect, rF++ rC+
                  | rN+}
  2853 | D:3      | Noticed Ijyb
  2875 | D:3      | Reached XP level 5. HP: 29/41 MP: 5/9
  2888 | D:3      | Slain by Ijyb

Illustrated notes

Levels and vault maps discovered:
D:1:      giann_bridges, layout_basic, nicolae_ecumenical_lake_church,
          reono_crystal_passage, roderic_malta_cross, chequers_big_river
D:2:      layout_basic, serial_shops, nicolae_shop_advertising_works
          [nicolae_subvault_shop_adworks]
D:3:      layout_loops_ring, uniq_ijyb

Skill      XL: |  1  2  3  4 |
---------------+-------------+-----
Dodging        | 2 |  2.4
Fighting       | 1 |  1.8
Conjurations   | 2 |  2.1
Stealth        | |  1.7
Shields        | |  0.6
Spellcasting   | |  2.7
Translocations | |  0.5
Fire Magic     | |  3.5
Air Magic      | |  0.9

Action                     |  1- 3 |  4- 6 || total
---------------------------+-------+-------++-------
  Melee: Club              |    36 |     2 ||    38
         Tailslap          |     3 |     2 ||     5
         Spear             |       |    65 ||    65
   Cast: Foxfire           |    42 |    13 ||    55
         Scorch            |       |    10 ||    10
    Use: Potion            |       |     1 ||     1
   Stab: Sleeping          |     3 |     2 ||     5
 Armour: Skin              |    21 |    32 ||    53
  Dodge: Dodged            |    48 |    39 ||    87

Table legend: (Time is in decaauts)
 A = Elapsed time spent in this place.
 B = Non-inter-level travel time spent in this place.
 C = Inter-level travel time spent in this place.
 D = Time resting spent in this place.
 E = Time spent auto-exploring this place.
 F = Levels seen in this place.
 G = Mean time per level.
                   A        B        C        D        E       F      G
               +--------+--------+--------+--------+--------+-----+--------+
         Total |   2933 |   2769 |    164 |     80 |   1984 |   3 |  977.7 |
       Dungeon |   2933 |   2769 |    164 |     80 |   1984 |   3 |  977.7 |
               +--------+--------+--------+--------+--------+-----+--------+

Top non-repeatable levels by time:
     D:1: 1290 daAuts
     D:2: 1090 daAuts
     D:3: 552 daAuts
